 Dungeon Crawl Stone Soup version 0.18.1-8-gdd0e5ea (webtiles) character file.

8866 M4edhros the Martial Artist (level 11, -1/112 HPs)
             Began as an Octopode Necromancer on May 22, 2016.
             Was an Elder of Cheibriados.
             Slain by a phantasmal warrior (5 damage)
             ... led by a death knight
             ... on level 13 of the Dungeon.
             The game lasted 00:36:30 (5306 turns).

M4edhros the Martial Artist (Octopode Necromancer)  Turns: 5306, Time: 00:36:31

Health: -1/112     AC:  1    Str: 29    XL:     11   Next: 37%
Magic:  5/15       EV: 20    Int: 27    God:    Cheibriados [****..]
Gold:   757        SH:  0    Dex: 26    Spells: 6 memorised, 2 levels left

rFire  . . .     SeeInvis .       - Unarmed
rCold  . . .     Gourm    .     (no shield)
rNeg   . . .     Faith    +     e - +0 hat
rPois  +         Spirit   .     I - amulet of faith (curse)
rElec  .         Dismiss  .     r - +6 ring of strength
rCorr  .         Reflect  .     P - ring of flight
SustAt +         Harm     .     R - ring of sustain attributes
MR     .....     Rnd*Rage +     U - ring of poison resistance
Stlth  ..........               (no ring)
                                (no ring)
                                (no ring)
                                (no ring)

@: mighty, berserking (expiring), vulnerable, very slow, not resistant to
hostile enchantments, extremely unstealthy
A: almost no armour, amphibious, 8 rings, constrict 8, antennae 2, camouflage 1,
berserk 1, deterioration 1, slow regeneration 2, gelatinous body 1
a: Bend Time, Temporal Distortion, Slouch, Renounce Religion, Evoke Flight


You were on level 13 of the Dungeon.
You worshipped Cheibriados.
Cheibriados was greatly pleased with you.
You were not hungry.

You visited 2 branches of the dungeon, and saw 14 of its levels.
You also visited: Ossuary.

You collected 757 gold pieces.

Inventory:

Hand Weapons
 p - a +2 dagger of venom
 v - the +4 falchion "Earthworm" {slice, rPois}
   (You found it on level 7 of the Dungeon)

   It inflicts extra damage upon your enemies.
   It protects you from poison.
 y - a +4 flail of protection
 z - a +0 trident of venom
 A - the +0 falchion of Mioxtodd {antimagic, SInv}
   (You found it on level 6 of the Dungeon)

   It disrupts the flow of magical energy around spellcasters and certain
   magical creatures (including the wielder).
   It lets you see invisible.
 D - a +9 hunting sling of flaming
 K - a +0 blowgun
 O - the +4 dagger "Morg" {pain, MR+ Int+5}
   (You found it on level 11 of the Dungeon)

   In the hands of one skilled in necromantic magic, it inflicts extra damage on
   living creatures.
   It affects your intelligence (+5).
   It affects your resistance to hostile enchantments.
Missiles
 g - 10 tomahawks (quivered)
 l - 132 stones
 q - a throwing net
 L - 23 poisoned needles
Armour
 e - a +0 hat (worn)
Jewellery
 r - a +6 ring of strength (left tentacle)
 I - a cursed amulet of faith (around mantle)
 P - a ring of flight (right tentacle)
 R - a ring of sustain attributes (on tentacle)
 U - a ring of poison resistance (on tentacle)
Wands
 f - a wand of digging (8/24)
 o - a wand of enslavement (16/24)
 E - a wand of heal wounds (7/9)
 G - a wand of paralysis (0/24)
 T - a wand of iceblast (10/15)
Scrolls
 h - 2 scrolls of magic mapping
 k - a scroll of silence {unknown}
 m - 2 scrolls of noise
 n - 12 scrolls of remove curse
 s - a scroll of amnesia {unknown}
 t - a scroll of recharging
 w - a scroll of immolation {unknown}
 B - 2 scrolls of fear {unknown}
 C - 2 scrolls of blinking {unknown}
 Q - a scroll of enchant weapon
 S - a scroll of random uselessness {unknown}
Potions
 c - 2 potions of cure mutation
 x - a potion of flight
 H - a potion of agility
 N - a potion of curing
Books
 a - a book of Necromancy

   Spells                             Type                      Level
   a - Pain                           Necromancy                   1
   b - Animate Skeleton               Necromancy                   1
   c - Vampiric Draining              Necromancy                   3
   d - Regeneration                   Charms/Necromancy            3
   e - Animate Dead                   Necromancy                   4
   f - Control Undead                 Necromancy                   4
 d - a book of Maledictions

   Spells                             Type                      Level
   a - Corona                         Hexes                        1
   b - Ensorcelled Hibernation        Hexes/Ice                    2
   c - Confuse                        Hexes                        3
   d - Tukima's Dance                 Hexes                        3
   e - Dazzling Spray                 Conjuration/Hexes            3
 u - a book of Callings

   Spells                             Type                      Level
   a - Summon Small Mammal            Summoning                    1
   b - Call Imp                       Summoning                    2
   c - Call Canine Familiar           Summoning                    3
   d - Summon Guardian Golem          Hexes/Summoning              3
   e - Summon Lightning Spire         Summoning/Air                4
   f - Summon Ice Beast               Ice/Summoning                4
 J - a book of Unlife

   Spells                             Type                      Level
   a - Recall                         Summoning/Translocation      3
   b - Animate Dead                   Necromancy                   4
   c - Control Undead                 Necromancy                   4
   d - Cigotuvi's Embrace             Necromancy                   5
   e - Death Channel                  Necromancy                   6
   f - Simulacrum                     Ice/Necromancy               6
Comestibles
 b - 9 bread rations
 i - 4 slices of pizza
 F - 2 beef jerkies
 M - 4 meat rations
 V - 12 chunks of flesh


   Skills:
 - Level 7.2 Fighting
 + Level 7.7 Dodging
 - Level 2.6 Stealth
 + Level 10.2 Unarmed Combat
 - Level 3.2 Spellcasting
 - Level 3.4 Conjurations
 - Level 3.4 Hexes
 - Level 4.0 Necromancy
 * Level 6.3 Invocations
 * Level 4.6 Evocations


You had 2 spell levels left.
You knew the following spells:

 Your Spells              Type           Power        Failure   Level  Hunger
a - Pain                  Necr           ####         1%          1    None
b - Animate Skeleton      Necr           N/A          1%          1    None
c - Dazzling Spray        Conj/Hex       ###.....     10%         3    ###....
d - Confuse               Hex            ###.....     10%         3    ###....
e - Tukima's Dance        Hex            ###.....     10%         3    ###....
r - Regeneration          Chrm/Necr      ###.......   14%         3    ###....


Dungeon Overview and Level Annotations

Branches:
Dungeon (13/15)            Temple (1/1) D:5            Lair (0/8) D:10
    Orc (0/2) D:12
 Vaults: D:13-14

Altars:
Cheibriados
Dithmenos
Fedhas
Gozag
Kikubaaqudgha
Makhleb
Okawaru
Pakellas
Qazlal
Ru
Sif Muna
Trog
Vehumet
Xom
Yredelemnul
Zin
The Shining One

Shops:
D:5 [


Innate Abilities, Weirdness & Mutations

You cannot wear most types of armour.
You are amphibious.
You can wear up to eight rings at the same time.
You can use your tentacles to constrict eight enemies at once.
Your skin changes colour to match your surroundings (Stealth).
Your rubbery body absorbs attacks (AC +1).
You have a pair of antennae on your head.
You tend to lose your temper in combat.
Your body sometimes deteriorates upon taking damage.
You do not regenerate naturally when monsters are visible.


Message History

Unknown command.
Unknown command.
You barely miss the phantasmal warrior. You squeeze the phantasmal warrior!
The phantasmal warrior is severely damaged.
The death knight hits your yak skeleton with an enchanted great mace!
Your yak skeleton is destroyed!
The phantasmal warrior blinks!
Unknown command.
Unknown command.
Unknown command.
You closely miss the phantasmal warrior.
The phantasmal warrior is severely damaged.
The phantasmal warrior misses you.
Unknown command.
Unknown command.
Unknown command.
You tentacle-slap the phantasmal warrior but do no damage.
The phantasmal warrior is severely damaged.
The phantasmal warrior blinks!
The phantasmal warrior hits you.
You die...

##################
#.......W.........
#....<###@W.......
#.....#
#.pW.ยง....
#.....# #.........
#.....# #.........
#.....# #.........
#.....# #.........
#.....# #.>.......
#.....# #.........
#$..... ..........


You could see a death knight, 2 phantasmal warriors and a freezing wraith
(paralysed).

Vanquished Creatures
  A phantasmal warrior (D:13)
  An ugly thing (D:12)
  A centaur zombie (D:10)
  A gargoyle (D:10)
  A merfolk (D:11)
  A troll (D:12)
  A two-headed ogre (D:10)
  11 yaks
  A wyvern (D:10)
  A yak (shapeshifter) (D:11)
  A hippogriff (D:10)
  Menkaure (D:7)
  A hungry ghost (D:12)
  A warg (D:12)
  Edmund (D:5)
  A soldier ant (D:12)
  A black bear (D:8)
  2 orc warriors (D:9)
  2 ice beasts
  4 phantoms
  A sky beast (D:9)
  2 centaurs
  Blork the orc (D:5)
  A big kobold (D:10)
  2 elf zombies (Ossuary)
  3 giant frogs
  2 gnoll sergeants
  5 scorpions
  6 killer bees
  3 wights (D:8)
  3 crimson imps
  3 howler monkeys (D:9)
  A quasit (D:9)
  2 giant frog zombies (D:10)
  4 hounds
  2 jellies
  A giant frog skeleton (D:11)
  8 orc priests
  A centaur skeleton (D:9)
  3 iguanas
  17 orc wizards
  7 worker ants
  A hound zombie (Ossuary)
  A hound skeleton (D:4)
  4 mummies (Ossuary)
  3 worker ant zombies
  8 gnolls
  8 adders
  A shadow imp (D:7)
  An ooze (D:1)
  An adder zombie (D:6)
  A worm (D:2)
  A dart slug (D:2)
  5 giant geckos
  28 orcs
  5 bats (D:1)
  4 giant cockroaches
  3 gnoll zombies
  2 goblins (D:1)
  7 hobgoblins
  10 jackals
  5 kobolds
  5 quokkas
  A ball python (D:2)
  3 giant newts
  A goblin zombie (Ossuary)
  A hobgoblin zombie (Ossuary)
  A jackal zombie (Ossuary)
  2 kobold zombies (Ossuary)
  An orc zombie (Ossuary)
  A quokka skeleton (D:7)
  A quokka zombie (D:6)
  4 rats
  2 rat zombies (Ossuary)
235 creatures vanquished.

Vanquished Creatures (collateral kills)
  A molten gargoyle (D:10)
  A sky beast (D:7)
  A necrophage (D:6)
  2 orc wizards (D:8)
  2 worker ants
  A gnoll (D:10)
  An adder (D:10)
  2 orcs
  2 kobolds
  A rat (D:1)
14 creatures vanquished.

Vanquished Creatures (others)
  A tengu reaver (D:2)
1 creature vanquished.

Grand Total: 250 creatures vanquished

Notes
Turn   | Place    | Note
--------------------------------------------------------------
     0 | D:1      | M4edhros the Octopode Necromancer began the quest for the Orb.
     0 | D:1      | Reached XP level 1. HP: 11/11 MP: 3/3
    48 | D:1      | Reached skill level 1 in Unarmed Combat
    48 | D:1      | Reached XP level 2. HP: 6/17 MP: 1/5
   114 | D:1      | Reached skill level 2 in Unarmed Combat
   127 | D:1      | Learned a level 1 spell: Animate Skeleton
   224 | D:1      | Reached XP level 3. HP: 3/21 MP: 0/6
   249 | D:1      | Learned a level 3 spell: Regeneration
   300 | D:2      | Found an oddly glowing altar of Pakellas.
   301 | D:2      | Noticed a tengu reaver
   309 | D:2      | Killed a tengu reaver
   332 | D:2      | Reached skill level 3 in Unarmed Combat
   449 | D:2      | Found an iron altar of Okawaru.
   518 | D:4      | Reached XP level 4. HP: 23/27 MP: 7/7
   675 | D:4      | Found a sand-covered staircase.
   683 | Ossuary  | Entered an ossuary
   707 | Ossuary  | Reached skill level 4 in Unarmed Combat
   820 | Ossuary  | Reached XP level 5. HP: 22/31 MP: 1/8
  1012 | Ossuary  | Reached skill level 5 in Unarmed Combat
  1065 | Ossuary  | Reached XP level 6. HP: 20/36 MP: 1/9
  1153 | Ossuary  | Reached skill level 6 in Unarmed Combat
  1459 | D:4      | Reached XP level 7. HP: 31/41 MP: 6/10
  1525 | D:4      | Reached skill level 7 in Unarmed Combat
  1663 | D:5      | Entered Level 5 of the Dungeon
  1718 | D:5      | Found Dyfapt's Armour Shop.
  1777 | D:5      | Reached skill level 8 in Unarmed Combat
  1797 | D:5      | Found a staircase to the Ecumenical Temple.
  1806 | Temple   | Entered the Ecumenical Temple
  1832 | Temple   | Became a worshipper of Cheibriados the Contemplative
  1853 | D:5      | You fall through a shaft for 2 floors!
  1938 | D:7      | Noticed Menkaure
  1948 | D:7      | Killed Menkaure
  1965 | D:7      | Got an ancient falchion
  1966 | D:7      | Identified the +4 falchion "Earthworm" {slice, rPois} (You found it on level 7 of the Dungeon)
  2032 | D:7      | Reached skill level 1 in Fighting
  2032 | D:7      | Reached XP level 8. HP: 32/48 MP: 1/11
  2310 | D:6      | Reached * piety under Cheibriados
  2354 | D:5      | Noticed Blork the orc
  2362 | D:5      | Killed Blork the orc
  2404 | D:5      | Learned a level 3 spell: Dazzling Spray
  2441 | D:5      | Noticed Edmund
  2461 | D:5      | Killed Edmund
  2503 | D:5      | Reached skill level 1 in Conjurations
  2503 | D:5      | Reached skill level 1 in Hexes
  2627 | D:6      | Got a shimmering falchion
  2628 | D:6      | Identified the cursed +0 falchion of Mioxtodd {antimagic, SInv} (You found it on level 6 of the Dungeon)
  2881 | D:7      | Gained mutation: You have a pair of small antennae on your head. [potion of beneficial mutation]
  2891 | D:7      | Reached XP level 9. HP: 55/55 MP: 12/12
  2892 | D:7      | Reached skill level 9 in Unarmed Combat
  3077 | D:7      | Gained mutation: You regenerate slowly when monsters are visible. [mutagenic meat]
  3078 | D:7      | Gained mutation: You do not regenerate naturally when monsters are visible. [mutagenic meat]
  3079 | D:7      | Gained mutation: You tend to lose your temper in combat. [mutagenic meat]
  3080 | D:7      | Gained mutation: Your body sometimes deteriorates upon taking damage. [mutagenic meat]
  3081 | D:7      | Gained mutation: You have a pair of antennae on your head. [mutagenic meat]
  3140 | D:7      | Reached ** piety under Cheibriados
  3170 | D:8      | Learned a level 3 spell: Confuse
  3330 | D:8      | Reached skill level 5 in Dodging
  3465 | D:8      | Reached *** piety under Cheibriados
  3577 | D:8      | Reached skill level 5 in Fighting
  3671 | D:9      | Reached XP level 10. HP: 46/66 MP: 3/13
  3674 | D:9      | Reached **** piety under Cheibriados
  3932 | D:10     | Entered Level 10 of the Dungeon
  4091 | D:9      | Reached skill level 1 in Invocations
  4182 | D:9      | Found a glowing silver altar of Zin.
  4183 | D:9      | Found an opulent altar of Gozag.
  4228 | D:9      | Found a basalt altar of Yredelemnul.
  4372 | D:10     | Reached ***** piety under Cheibriados
  4389 | D:10     | Learned a level 3 spell: Tukima's Dance
  4439 | D:10     | Noticed a gargoyle
  4456 | D:10     | Killed a gargoyle
  4626 | D:10     | Found a staircase to the Lair.
  4640 | D:11     | Noticed a molten gargoyle
  4651 | D:10     | Killed a molten gargoyle
  4651 | D:10     | Reached skill level 1 in Evocations
  4656 | D:11     | Noticed a molten gargoyle
  4847 | D:11     | Reached skill level 10 in Unarmed Combat
  4847 | D:11     | Reached skill level 5 in Invocations
  4847 | D:11     | Reached XP level 11. HP: 33/75 MP: 9/15
  5051 | D:12     | Noticed a red ugly thing
  5055 | D:12     | Killed a red ugly thing
  5065 | D:12     | Found a staircase to the Orcish Mines.
  5196 | D:13     | Noticed a phantasmal warrior
  5290 | D:13     | Noticed a death knight
  5292 | D:13     | Noticed a phantasmal warrior
  5293 | D:13     | Noticed a phantasmal warrior
  5297 | D:13     | Killed a phantasmal warrior
  5303 | D:13     | HP: 4/112 [phantasmal warrior[a death knight] (19)]
  5306 | D:13     | Slain by a phantasmal warrior

Skill      XL: |  1  2  3  4  5  6  7  8  9 10 11 |
---------------+----------------------------------+-----
Unarmed Combat | 1 2 3 4 5 6 8 9 10 | 10.2
Fighting       | 1 3 5 7 |  7.2
Dodging        | 4 6 7 |  7.7
Conjurations   | 2 3 |  3.4
Hexes          | 2 3 |  3.4
Invocations    | 5 6 |  6.3
Spellcasting   | 3 |  3.2
Evocations     | 2 4 |  4.6
Stealth        | |  2.6
Necromancy     | |  4.0

Action                   |  1- 3 |  4- 6 |  7- 9 | 10-12 || total
-------------------------+-------+-------+-------+-------++-------
Melee: Unarmed           |    58 |   116 |   313 |   173 ||   660
       Tentacles         |    12 |    27 |    85 |    81 ||   205
       Constrict         |    13 |    35 |    70 |    31 ||   149
       Punch             |       |     3 |    26 |    26 ||    55
       Falchion          |       |       |     5 |       ||     5
 Fire: Hunting sling     |       |       |       |     7 ||     7
 Cast: Pain              |    17 |       |       |       ||    17
       Animate Skeleton  |     5 |     2 |    26 |    24 ||    57
       Regeneration      |     4 |    24 |    50 |    31 ||   109
       Confuse           |       |       |       |     4 ||     4
       Dazzling Spray    |       |       |       |     1 ||     1
Invok: Bend Time         |       |       |     1 |       ||     1
       Slouch            |       |       |       |     3 ||     3
       Temporal Distorti |       |       |       |     1 ||     1
Evoke: Wand              |       |       |       |    12 ||    12
  Use: Potion            |     3 |     1 |     9 |     4 ||    17
       Scroll            |       |       |    12 |    12 ||    24
 Stab: Sleeping          |     1 |     2 |    17 |     4 ||    24
       Distracted        |       |       |     1 |       ||     1
       Confused          |       |       |       |     1 ||     1
  Eat: Chunk             |       |     2 |    20 |     8 ||    30
       Meat ration       |       |     1 |       |       ||     1
Armor: Skin              |    14 |     8 |    26 |     5 ||    53
Dodge: Dodged            |    35 |    59 |   145 |   132 ||   371
